 Dungeon Crawl Stone Soup version 0.31.0-1-g2c135a008e (webtiles) character file.

Game seed: 5208293648179611272

233 qw the Shooter (level 6, -4/46 HPs)
             Began as a Djinni Hunter on Jan 24, 2024.
             Slain by a gnoll
             ... wielding a +0 flail
              (8 damage)
             ... on level 4 of the Dungeon.
             The game lasted 00:00:10 (2374 turns).

qw the Shooter (Djinni Hunter)                      Turns: 2374, Time: 00:00:10

Health: -4/46      AC:  7    Str: 10    XL:     6   Next: 26%
Gold:   60         EV: 11    Int: 11    God:
                   SH:  0    Dex: 18

rFire   + + .        a - +0 shortbow (heavy)
rCold   x . .        (shield currently unavailable)
rNeg    . . .        f - +0 ring mail
rPois   inf          c - +1 helmet
rElec   .            (no cloak)
rCorr   .            (no gloves)
SInv    .            (boots unavailable)
Will    .....        (no amulet)
Stlth   +            (no ring)
HPRegen 0.27/turn    (no ring)
MPRegen 0.00/turn

%: infuse magic (-5 HP)
@: about to teleport, flying
A: sickness immunity, fire resistance 2, cold vulnerability 1, float, innate
caster, HP casting, extra vitality 1
a: no special abilities


You were on level 4 of the Dungeon.
You visited 1 branch of the dungeon, and saw 4 of its levels.

You collected 154 gold pieces.
You spent 94 gold pieces at shops.


Innate Abilities, Weirdness & Mutations

You are immune to sickness and miasma.
You are immune to poison.
Your flesh is very heat resistant. (rF++)
You are vulnerable to cold. (rC-)
You float through the air rather than walking.
You learn spells naturally, not from books.
Your magical power is your life essence.
You have superior vitality. (+4 MHP)


   Skills:
 - Level 3.0 Fighting
 - Level 5.2 Ranged Weapons
 - Level 1.0 Armour
 + Level 2.9 Dodging
 - Level 0.7 Stealth


You knew the following spells:

 Your Spells              Type           Power      Damage    Failure   Level
a - Apportation           Tloc           0%         N/A       65%         1
b - Jinxbite              Hex            0%         N/A       80%         2
Your spell library was empty.

Inventory:

Hand Weapons
 a - a +0 heavy shortbow (weapon)
Armour
 c - a +1 helmet (worn)
 f - a +0 ring mail (worn)
Jewellery
 d - a ring of positive energy
Potions
 b - 2 potions of haste
 e - 3 potions of curing
 h - 2 potions of enlightenment

Dungeon Overview and Level Annotations

Branches:
Dungeon (4/15)
 Temple: D:4-7

Altars:
Elyvilon
Makhleb
The Shining One

Shops:
D:1 :   D:2 *[!=   D:3 :[*(


Message History

Things that are here:
a +0 dagger; 8 poisoned darts
Found a potion of degeneration.
d - a ring of positive energy A gnoll comes into view.
It is wielding a +2 whip of draining.
You shoot an arrow. The arrow hits the gnoll!
You kill the gnoll!
You hear a shout! 3 gnolls come into view.
The gnoll shouts! x3
You shoot an arrow. The arrow barely misses the gnoll.
The gnoll hits you from afar with a +0 spear.
The gnoll closely misses you.
You shoot an arrow. The arrow barely misses the gnoll.
The gnoll hits you with a +0 flail. The gnoll completely misses you.
The gnoll hits you from afar with a +0 spear.
The gnoll closely misses you.
You shoot an arrow. The arrow closely misses the gnoll.
The gnoll barely misses you. The gnoll hits you but does no damage.
You shoot an arrow. The arrow hits the gnoll.
The gnoll is moderately wounded.
The gnoll hits you with a +0 flail!
The gnoll hits you from afar with a +0 spear.
The gnoll closely misses you.
The gnoll hits you from afar with a +0 spear.
You shoot an arrow. The arrow closely misses the gnoll.
The gnoll hits you with a +0 flail.
The gnoll hits you from afar with a +0 spear.
The gnoll hits you with a +0 flail! The gnoll hits you but does no damage.
You shoot an arrow. The arrow closely misses the gnoll.
The gnoll hits you with a +0 flail. The gnoll barely misses you.
The gnoll hits you but does no damage. The gnoll hits you with a +0 flail.
2373 ||| READING scroll of teleportation.
As you read the scroll of teleportation, it crumbles to dust.
You feel strangely unstable. The gnoll barely misses you.
The gnoll hits you but does no damage.
You shoot an arrow. The arrow hits the gnoll.
The gnoll is severely wounded.
The gnoll hits you with a +0 flail!
You die...

...... ..... ...#
...# ## ...##.#
#.....# .####.##
#.####### .......
....ggg.# #####.#
#@# #####.# ####.#
......####.##....#
####....!..##.####
#.########.#
#..........#
#.########## #.#
#.#


You could see 3 gnolls.

Vanquished Creatures
  A scorpion (D:3)
  An orc wizard (D:3)
  A gnoll (D:4)
  5 adders
  2 ribbon worms
  9 orcs
  11 endoplasms
  8 goblins
  15 hobgoblins
  6 kobolds
  3 quokkas
  9 ball pythons
  A bat (D:2)
  3 frilled lizards
  3 rats
78 creatures vanquished.

Notes
Turn   | Place    | Note
-------+----------+-------------------------------------------
     0 | D:1      | qw the Djinni Hunter began the quest for the Orb.
     0 | D:1      | Reached XP level 1. HP: 18/18 MP: 0/0
     0 | D:1      | 0 ||| qw: Version: 0.3-a-136-gdd3b4e8
     0 | D:1      | 0 ||| qw: Game counter: 1448
     0 | D:1      | 0 ||| qw: Melee chars always use a shield: true
     0 | D:1      | 0 ||| qw: God list: Okawaru
     0 | D:1      | 0 ||| qw: Allow faded altars: false
     0 | D:1      | 0 ||| qw: Do Orc after clearing Dungeon:15 true
     0 | D:1      | 0 ||| qw: Do second Lair branch before Depths: true
     0 | D:1      | 0 ||| qw: Lair rune preference: random
     0 | D:1      | 0 ||| qw: Goals: Normal
     0 | D:1      | 0 ||| PLANNING D:1-11
    72 | D:1      | Reached XP level 2. HP: 17/23 MP: 0/0
   405 | D:1      | Reached XP level 3. HP: 28/28 MP: 0/0
   405 | D:1      | Learned a level 1 spell: Apportation
   409 | D:1      | Reached skill level 4 in Ranged Weapons
   460 | D:1      | Found Vegoux's Book Shoppe.
   471 | D:1      | 471 ||| UPGRADING to +0 ring mail.
   481 | D:1      | 481 ||| DROPPING +0 leather armour.
   493 | D:1      | 493 ||| UPGRADING to +0 helmet.
   643 | D:1      | 643 ||| READING scroll labelled DYATE REPOA.
   643 | D:1      | 643 ||| IDENTIFYING puce potion
   644 | D:1      | 644 ||| READING scroll labelled USEDIE PAREF.
   644 | D:1      | 644 ||| ENCHANTING +0 helmet.
   645 | D:1      | 645 ||| READING scroll labelled ZAXOVIOTEQ.
   646 | D:1      | 646 ||| READING scroll labelled ARCHYUKHAUN.
   646 | D:1      | 646 ||| BRANDING +0 shortbow.
   647 | D:1      | 647 ||| READING scroll labelled QOYTHIA JOUMN.
   648 | D:1      | 648 ||| DROPPING scroll of butterflies.
   649 | D:1      | 649 ||| DROPPING potion of brilliance.
   726 | D:2      | Reached skill level 1 in Armour
   771 | D:2      | Found Ufoikk's Jewellery Emporium.
   784 | D:2      | 784 ||| SHOPLISTING +4 ring of slaying (858 gold, have 64).
   784 | D:2      | 784 ||| SHOPLISTING +6 ring of strength (396 gold, have
                  | 64).
   784 | D:2      | 784 ||| SHOPLISTING amulet "Moufymm" {Acrobat Rampage
                  | ^Fragile rF- Str+5 Dex+8} (568 gold, have 64).
   784 | D:2      | 784 ||| SHOPLISTING amulet of faith (440 gold, have 64).
   784 | D:2      | 784 ||| SHOPLISTING ring of Cuhabade {Will+ Dex+2} (398
                  | gold, have 64).
   784 | D:2      | 784 ||| SHOPLISTING ring of ice (275 gold, have 64).
   784 | D:2      | 784 ||| SHOPLISTING ring of resist corrosion (220 gold,
                  | have 64).
   784 | D:2      | 784 ||| SHOPLISTING ring of see invisible (165 gold, have
                  | 64).
   796 | D:2      | Found Plog's Armour Emporium.
   808 | D:2      | Reached XP level 4. HP: 34/34 MP: 0/0
   814 | D:2      | 814 ||| SHOPLISTING +1 robe of Darkness {rElec MP-9 Int+2}
                  | (79 gold, have 64).
   847 | D:2      | Reached skill level 3 in Fighting
   996 | D:2      | Found Xelyuseuwe's General Store.
  1001 | D:2      | 1001 ||| SHOPLISTING potion of mutation (88 gold, have 71).
  1001 | D:2      | 1001 ||| SHOPLISTING wand of quicksilver (5) (231 gold,
                  | have 71).
  1028 | D:2      | Found Lygauck's Distillery.
  1032 | D:2      | 1032 ||| SHOPLISTING potion of cancellation (104 gold, have
                  | 71).
  1032 | D:2      | 1032 ||| BUYING potion of curing (39 gold).
  1032 | D:2      | Bought a potion of curing for 39 gold pieces
  1032 | D:2      | 1032 ||| SHOPLISTING potion of curing (39 gold, have 32).
  1032 | D:2      | 1032 ||| SHOPLISTING potion of enlightenment (65 gold, have
                  | 32).
  1032 | D:2      | 1032 ||| SHOPLISTING potion of might (52 gold, have 32).
  1032 | D:2      | 1032 ||| SHOPLISTING potion of resistance (130 gold, have
                  | 32).
  1531 | D:2      | 1531 ||| READING 2 scrolls of identify.
  1531 | D:2      | 1531 ||| IDENTIFYING dark potion
  1532 | D:2      | 1532 ||| READING scroll of identify.
  1532 | D:2      | 1532 ||| IDENTIFYING 2 fizzy brown potions
  1533 | D:2      | 1533 ||| DROPPING potion of degeneration.
  1565 | D:3      | 1565 ||| STAIRDANCE
  1627 | D:3      | Found a white marble altar of Elyvilon.
  1627 | D:3      | Found a burning altar of Makhleb.
  1627 | D:3      | Found a glowing golden altar of the Shining One.
  1651 | D:3      | Found Vuallel's General Store.
  1655 | D:3      | Found Doadot's Armour Shop.
  1658 | D:3      | 1658 ||| BUYING scroll of identify (22 gold).
  1658 | D:3      | Bought a scroll of identify for 22 gold pieces
  1658 | D:3      | 1658 ||| BUYING scroll of teleportation (33 gold).
  1658 | D:3      | Bought a scroll of teleportation for 33 gold pieces
  1660 | D:3      | Found Barogg's Book Shop.
  1664 | D:3      | Reached XP level 5. HP: 40/40 MP: 0/0
  1664 | D:3      | Learned a level 2 spell: Jinxbite
  1667 | D:3      | 1667 ||| SHOPLISTING +1 helmet of see invisible (231 gold,
                  | have 36).
  1855 | D:3      | Reached skill level 5 in Ranged Weapons
  1855 | D:3      | Reached XP level 6. HP: 46/46 MP: 0/0
  1979 | D:3      | Found Qenkoa's Antique Weapon Boutique.
  1982 | D:3      | 1982 ||| SHOPLISTING glowing shortbow (150 gold, have 60).
  2278 | D:3      | 2278 ||| READING 2 scrolls of identify.
  2278 | D:3      | 2278 ||| IDENTIFYING 2 lumpy yellow potions
  2279 | D:3      | 2279 ||| READING scroll of identify.
  2279 | D:3      | 2279 ||| IDENTIFYING scroll labelled MOT EMOTOR
  2280 | D:3      | 2280 ||| READING scroll labelled NAEP JEUJAOD.
  2281 | D:3      | 2281 ||| READING scroll labelled GOHIYHIFAT.
  2282 | D:3      | 2282 ||| READING scroll labelled WOILEXI KYSA.
  2283 | D:3      | 2283 ||| READING scroll labelled XIUDIA CUWI.
  2284 | D:3      | 2284 ||| DROPPING scroll of immolation.
  2372 | D:4      | HP: 9/46 [gnoll/+0 flail (6)]
  2372 | D:4      | HP: 4/46 [gnoll/+0 flail (5)]
  2373 | D:4      | 2373 ||| READING scroll of teleportation.
  2374 | D:4      | Slain by a gnoll

Levels and vault maps discovered:
D:1:      minmay_arrival_wavy_path, layout_loops_ring, serial_shops,
          nicolae_diamond_shop, nicolae_concentric_dashed_squares_wild,
          minmay_tripent
D:2:      layout_basic, serial_shops, shop, shop, shop, shop
D:3:      layout_loops_ring, gammafunk_temple_overflow_claw, serial_shops, shop,
          shop, shop, nicolae_shop_behind_doors, minmay_distorted
D:4:      layout_basic, hellmonk_sif_muna_bookshelves, nzn_random_ring,
          uniq_duvessa

Skill      XL: |  1  2  3  4  5 |
---------------+----------------+-----
Ranged Weapons | 4 5 |  5.2
Armour         | 1 |  1.0
Fighting       | 3 |  3.0
Dodging        | |  2.9
Stealth        | |  0.7

Action                     |  1- 3 |  4- 6 || total
---------------------------+-------+-------++-------
   Fire: Shortbow          |    69 |   112 ||   181
    Use: Scroll            |     5 |     9 ||    14
 Armour: Leather armour    |     5 |       ||     5
         Ring mail         |    16 |    54 ||    70
  Dodge: Dodged            |    20 |    53 ||    73

Table legend:
 A = Non-vault XP
 B = Vault XP
 C = Vault XP percentage of total XP
 D = Non-vault monster count
 E = Vault monster count
 F = Vault count percentage of total count
                 A         B        C        D         E       F
            +---------+---------+-------+---------+---------+-------
      Total |     235 |      99 |  29.6 |      73 |       5 |   6.4
            +---------+---------+-------+---------+---------+-------
        D:1 |      42 |       3 |   6.7 |      24 |       2 |   7.7
        D:2 |      63 |       0 |   0.0 |      21 |       0 |   0.0
        D:3 |     110 |      96 |  46.6 |      24 |       3 |  11.1
        D:4 |      20 |       0 |   0.0 |       4 |       0 |   0.0
            +---------+---------+-------+---------+---------+-------
